SKY
TORONTO BLUE JAYS @ INDIANAPOLIS IGNITION
05/18/2052
 
TOP OF THE 1ST
Toronto Blue Jays batting - Pitching for Indianapolis Ignition : RHP Jason Hartman
Pitching: RHP Jason Hartman
Batting: LHB Connor Thomas 0-0: Ball
1-0: Called Strike
1-1: Foul Ball, location: 5F
1-2: Foul Ball, location: 25F
1-2: Ball
2-2: Ball
3-2: Strikes out looking
Batting: RHB Mike Asawawong 0-0: Called Strike
0-1: Called Strike
0-2: Ball
1-2: Foul Ball, location: 9LMF
1-2: Ball
2-2: Foul Ball, location: 9LDF
2-2: Foul Ball, location: 23FF
2-2: Foul Ball, location: 9LSF
2-2: Strikes out looking
Batting: LHB Jackson Kilsdonk 0-0: Called Strike
0-1: Called Strike
0-2: Fly out, F5 (Flyball, 5D, EV 94.4 MPH)
Top of the 1st over - 0 runs, 0 hits, 0 errors, 0 left on base; Toronto 0 - Indianapolis 0
BOTTOM OF THE 1ST
Indianapolis Ignition batting - Pitching for Toronto Blue Jays : RHP Felipe Rojas
Pitching: RHP Felipe Rojas
Batting: RHB Wendell Dominique 0-0: Called Strike
0-1: Foul Ball, location: 2F
0-2: Ball
1-2: Ball
2-2: DOUBLE (Line Drive, 8LXD, EV 103.8 MPH)
Batting: RHB Jason Stafford 0-0: Foul Ball, location: 2F
0-1: Foul Ball, location: 2F
0-2: Strikes out swinging
Batting: LHB Ryan Penryn 0-0: Called Strike
0-1: Foul Ball, location: 2F
0-2: Ball
1-2: SINGLE (Line Drive, 34D, EV 97.5 MPH)
Wendell Dominique to third
Batting: LHB Belero Aguilar 0-0: Ball
1-0: Foul Ball, location: 2LF
1-1: Fly out, F8 (Flyball, 8LS, EV 75.6 MPH)
Batting: SHB Benjamin Nang 0-0: Ball
1-0: 3-RUN HOME RUN (Flyball, 9D, EV 96.9 MPH), Distance : 364 ft
Batting: LHB Brandon Wright 0-0: Foul Ball, location: 2F
0-1: Swinging Strike
0-2: Ball
1-2: DOUBLE (Groundball, 3L, EV 103.8 MPH)
Batting: SHB Randy Kennedy 0-0: Ball
1-0: Foul Ball, location: 23F
1-1: Foul Ball, location: 5SF
1-2: Ball
2-2: Ball
3-2: Base on Balls
Batting: RHB Grayson Potts 0-0: Ball
1-0: Foul Ball, location: 5FF
1-1: SINGLE (Groundball, 6MD, EV 96.3 MPH)
Brandon Wright to third
Randy Kennedy to second
Runner from 3rd tries for Home, SAFE, throw by CF to home
Batting: LHB E.J. Sadowski 0-0: Ball
1-0: Foul Ball, location: 3F
1-1: Called Strike
1-2: Ground out 2-3 (Groundball, 2R, EV 68.8 MPH)
Bottom of the 1st over - 4 runs, 5 hits, 0 errors, 2 left on base; Toronto 0 - Indianapolis 4
TOP OF THE 2ND
Toronto Blue Jays batting - Pitching for Indianapolis Ignition : RHP Jason Hartman
Batting: RHB Jayden Bice 0-0: Swinging Strike
0-1: Called Strike
0-2: Strikes out swinging
Batting: RHB Atlas Alvarado 0-0: Ball
1-0: Ball
2-0: Ball
3-0: Called Strike
3-1: Foul Ball, location: 2F
3-2: Strikes out looking
Batting: LHB Gael Villarreal 0-0: Called Strike
0-1: Swinging Strike
0-2: Ball
1-2: Strikes out swinging
Top of the 2nd over - 0 runs, 0 hits, 0 errors, 0 left on base; Toronto 0 - Indianapolis 4
BOTTOM OF THE 2ND
Indianapolis Ignition batting - Pitching for Toronto Blue Jays : RHP Felipe Rojas
Batting: RHB Wendell Dominique 0-0: Ball
1-0: DOUBLE (Groundball, 5L, EV 105.0 MPH)
Batting: RHB Jason Stafford 0-0: Ball
1-0: Ball
2-0: Swinging Strike
2-1: Called Strike
2-2: Ball
3-2: Foul Ball, location: 5FF
3-2: DOUBLE (Line Drive, 89XD, EV 97.5 MPH)
Wendell Dominique scores
Batting: LHB Ryan Penryn 0-0: Ball
1-0: Foul Ball, location: 2F
1-1: SINGLE (Line Drive, 9S, EV 99.4 MPH)
Jason Stafford to third
Batting: LHB Belero Aguilar 0-0: Ball
1-0: Ball
2-0: Called Strike
2-1: Called Strike
2-2: Strikes out swinging
Batting: SHB Benjamin Nang 0-0: Foul Ball, location: 2RF
0-1: Called Strike
0-2: Ball
1-2: Fly out, F8 (Flyball, 8RD, EV 101.9 MPH)
Runner from 3rd tags up, SCORES, no throw by CF
Batting: LHB Brandon Wright 0-0: Called Strike
0-1: Called Strike
0-2: Ball
1-2: Ball
2-2: Fielders Choice at 2nd, 5-4 (Groundball, 56, EV 107.5 MPH)
Bottom of the 2nd over - 2 runs, 3 hits, 0 errors, 1 left on base; Toronto 0 - Indianapolis 6
TOP OF THE 3RD
Toronto Blue Jays batting - Pitching for Indianapolis Ignition : RHP Jason Hartman
Batting: RHB Ernie Brox 0-0: Swinging Strike
0-1: Swinging Strike
0-2: Strikes out swinging
Batting: SHB Mendy Pérez 0-0: Ball
1-0: Called Strike
1-1: Fly out, F6 (Popup, 6, EV 75.0 MPH)
Batting: RHB Fadil Ring 0-0: Called Strike
0-1: Foul Ball, location: 2F
0-2: Foul Ball, location: 23F
0-2: Foul Ball, location: 9LSF
0-2: Ball
1-2: Strikes out swinging
Top of the 3rd over - 0 runs, 0 hits, 0 errors, 0 left on base; Toronto 0 - Indianapolis 6
BOTTOM OF THE 3RD
Indianapolis Ignition batting - Pitching for Toronto Blue Jays : RHP Felipe Rojas
Pitching: RHP Vitorio Taveras
Batting: SHB Randy Kennedy 0-0: Ball
1-0: Ball
2-0: Called Strike
2-1: Swinging Strike
2-2: Ball
3-2: Strikes out swinging
Batting: RHB Grayson Potts 0-0: Ball
1-0: Ground out 5-3 (Groundball, 56S, EV 86.3 MPH)
Batting: LHB E.J. Sadowski 0-0: SINGLE (Groundball, 4S, EV 66.9 MPH) (infield hit)
Batting: RHB Wendell Dominique 0-0: Ball
1-0: Foul Ball, location: 2F
1-1: Called Strike
1-2: Fielders Choice at 2nd, 6-4 (Groundball, 6, EV 102.5 MPH)
Bottom of the 3rd over - 0 runs, 1 hit, 0 errors, 1 left on base; Toronto 0 - Indianapolis 6
TOP OF THE 4TH
Toronto Blue Jays batting - Pitching for Indianapolis Ignition : RHP Jason Hartman
Batting: LHB Connor Thomas 0-0: DOUBLE (Flyball, 7LD, EV 98.1 MPH)
Batting: RHB Mike Asawawong 0-0: Ground out 1-3 (Groundball, 34S, EV 70.6 MPH)
Batting: LHB Jackson Kilsdonk 0-0: Ball
1-0: Ball
2-0: Ball
3-0: Base on Balls
Pitching: RHP Archer Knowles
Batting: RHB Jayden Bice 0-0: Foul Ball, location: 5F
0-1: Called Strike
0-2: Strikes out swinging
Batting: RHB Atlas Alvarado 0-0: Ball
1-0: SINGLE (Line Drive, 34D, EV 96.3 MPH)
Connor Thomas to third
Jackson Kilsdonk to second
Runner from 3rd tries for Home, throw by RF and OUT! 9-2
Top of the 4th over - 0 runs, 2 hits, 0 errors, 2 left on base; Toronto 0 - Indianapolis 6
BOTTOM OF THE 4TH
Indianapolis Ignition batting - Pitching for Toronto Blue Jays : RHP Vitorio Taveras
Batting: RHB Jason Stafford 0-0: Called Strike
0-1: Called Strike
0-2: Ball
1-2: Ball
2-2: Foul Ball, location: 2F
2-2: Ground out 3-1 (Groundball, 34, EV 78.8 MPH)
Batting: LHB Ryan Penryn 0-0: Ball
1-0: Called Strike
1-1: Ball
2-1: Swinging Strike
2-2: Ball
3-2: Ground out 1-3 (Groundball, 34S, EV 71.9 MPH)
Batting: LHB Belero Aguilar 0-0: Called Strike
0-1: Ball
1-1: Swinging Strike
1-2: Foul Ball, location: 7LDF
1-2: Ball
2-2: Strikes out swinging
Bottom of the 4th over - 0 runs, 0 hits, 0 errors, 0 left on base; Toronto 0 - Indianapolis 6
TOP OF THE 5TH
Toronto Blue Jays batting - Pitching for Indianapolis Ignition : RHP Archer Knowles
Batting: LHB Gael Villarreal 0-0: Foul Ball, location: 3SF
0-1: Ball
1-1: Fly out, F8 (Flyball, 8RD, EV 110.6 MPH)
Batting: RHB Ernie Brox 0-0: Ball
1-0: Ball
2-0: Ground out 6-3 (Groundball, 6M, EV 104.4 MPH)
Batting: SHB Mendy Pérez 0-0: Ball
1-0: Swinging Strike
1-1: Fly out, F7 (Flyball, 7, EV 80.0 MPH)
Top of the 5th over - 0 runs, 0 hits, 0 errors, 0 left on base; Toronto 0 - Indianapolis 6
BOTTOM OF THE 5TH
Indianapolis Ignition batting - Pitching for Toronto Blue Jays : RHP Vitorio Taveras
Batting: SHB Benjamin Nang 0-0: Ball
1-0: Foul Ball, location: 3FF
1-1: Foul Ball, location: 3F
1-2: Ground out 4-3 (Groundball, 4, EV 110.6 MPH)
Batting: LHB Brandon Wright 0-0: Ball
1-0: Called Strike
1-1: Swinging Strike
1-2: Ball
2-2: Strikes out swinging
Batting: SHB Randy Kennedy 0-0: Foul Ball, location: 9LMF
0-1: Called Strike
0-2: Foul Ball, location: 5F
0-2: Ball
1-2: Strikes out looking
Bottom of the 5th over - 0 runs, 0 hits, 0 errors, 0 left on base; Toronto 0 - Indianapolis 6
TOP OF THE 6TH
Toronto Blue Jays batting - Pitching for Indianapolis Ignition : RHP Archer Knowles
Batting: RHB Fadil Ring 0-0: Fly out, F8 (Flyball, 78D, EV 78.1 MPH)
Batting: LHB Connor Thomas 0-0: Called Strike
0-1: Ball
1-1: Swinging Strike
1-2: Foul Ball, location: 5DF
1-2: SINGLE (Flyball, 5D, EV 88.1 MPH)
Batting: RHB Mike Asawawong 0-0: Ball
1-0: Ball
2-0: Called Strike
2-1: Called Strike
2-2: Grounds into double play, 6-4-3 (Groundball, 6D, EV 105.0 MPH)
Top of the 6th over - 0 runs, 1 hit, 0 errors, 0 left on base; Toronto 0 - Indianapolis 6
BOTTOM OF THE 6TH
Indianapolis Ignition batting - Pitching for Toronto Blue Jays : RHP Vitorio Taveras
Batting: RHB Grayson Potts 0-0: SINGLE (Line Drive, 7LS, EV 108.1 MPH)
Batting: LHB E.J. Sadowski 0-0: Ball
1-0: Foul Ball, location: 7LMF
1-1: Swinging Strike
1-2: Ball
2-2: Ball
3-2: Fielders Choice at 2nd, 3-6 (Groundball, 3S, EV 85.6 MPH)
Pitching: LHP Michael Turnbull
Batting: RHB Wendell Dominique 0-0: Called Strike
0-1: Ball
1-1: Ball
Wild Pitch!
E.J. Sadowski to second
2-1: Swinging Strike
2-2: Foul Ball, location: 2F
2-2: Strikes out swinging
Batting: RHB Jason Stafford 0-0: Called Strike
0-1: Ball
1-1: Swinging Strike
1-2: Strikes out swinging
Bottom of the 6th over - 0 runs, 1 hit, 0 errors, 1 left on base; Toronto 0 - Indianapolis 6
TOP OF THE 7TH
Toronto Blue Jays batting - Pitching for Indianapolis Ignition : RHP Archer Knowles
Batting: LHB Jackson Kilsdonk 0-0: Foul Ball, location: 2F
0-1: Foul Ball, location: 5F
0-2: Strikes out swinging
Batting: RHB Jayden Bice 0-0: Ball
1-0: Foul Ball, location: 23FF
1-1: Ball
2-1: Swinging Strike
2-2: Fly out, F7 (Flyball, 78M, EV 86.9 MPH)
Batting: RHB Atlas Alvarado 0-0: Ball
1-0: Ball
2-0: DOUBLE (Line Drive, 7LS, EV 101.3 MPH)
Batting: LHB Gael Villarreal 0-0: Foul Ball, location: 2F
0-1: Ball
1-1: Ball
2-1: Foul Ball, location: 25F
2-2: Fly out, F8 (Flyball, 8LD, EV 102.5 MPH)
Top of the 7th over - 0 runs, 1 hit, 0 errors, 1 left on base; Toronto 0 - Indianapolis 6
BOTTOM OF THE 7TH
Indianapolis Ignition batting - Pitching for Toronto Blue Jays : LHP Michael Turnbull
Batting: LHB Ryan Penryn 0-0: Ball
1-0: Ball
2-0: Ball
3-0: Base on Balls
Batting: LHB Belero Aguilar 0-0: Called Strike
0-1: Ball
1-1: Swinging Strike
1-2: Ball
2-2: Foul Ball, location: 2F
2-2: Foul Ball, location: 2F
2-2: Foul Ball, location: 2F
2-2: Ball
3-2: Strikes out swinging
Batting: SHB Benjamin Nang 0-0: Called Strike
0-1: Called Strike
0-2: Ball
1-2: Ball
2-2: Strikes out swinging
Batting: LHB Brandon Wright 0-0: Swinging Strike
0-1: Ball
1-1: Foul Ball, location: 23F
1-2: Strikes out looking
Bottom of the 7th over - 0 runs, 0 hits, 0 errors, 1 left on base; Toronto 0 - Indianapolis 6
TOP OF THE 8TH
Toronto Blue Jays batting - Pitching for Indianapolis Ignition : RHP Archer Knowles
Batting: RHB Ernie Brox 0-0: Ball
1-0: Fly out, F7 (Flyball, 7, EV 100.0 MPH)
Batting: SHB Mendy Pérez 0-0: Foul Ball, location: 3F
0-1: Ball
1-1: Fly out, F9 (Line Drive, 9, EV 93.8 MPH)
Pinch Hitting: SHB Austin Branson 0-0: Foul Ball, location: 2F
0-1: Ball
1-1: Ball
2-1: Called Strike
2-2: Foul Ball, location: 2F
2-2: Foul Ball, location: 7LMF
2-2: Strikes out looking
Top of the 8th over - 0 runs, 0 hits, 0 errors, 0 left on base; Toronto 0 - Indianapolis 6
BOTTOM OF THE 8TH
Indianapolis Ignition batting - Pitching for Toronto Blue Jays : LHP Michael Turnbull
Pitching: RHP David Hitz
Now at 1B: Austin Branson
Now at 2B: Atlas Alvarado
Now at SS: Mike Asawawong
Batting: SHB Randy Kennedy 0-0: SINGLE (Groundball, 13, EV 93.8 MPH) (infield hit)
Batting: RHB Grayson Potts 0-0: Ball
1-0: Fly out, F8 (Flyball, 8LD, EV 88.1 MPH)
Batting: LHB E.J. Sadowski 0-0: 2-RUN HOME RUN (Flyball, 9D, EV 103.1 MPH), Distance : 375 ft
Pinch Hitting: LHB Blake Bustamante 0-0: Ball
1-0: Ball
2-0: Ball
3-0: Base on Balls
Pinch Hitting: RHB Salvador Fernández 0-0: Foul Ball, location: 3FF
0-1: Ball
1-1: Called Strike
1-2: Ball
2-2: Fly out, F8 (Flyball, 8RXD, EV 88.1 MPH)
Batting: LHB Ryan Penryn 0-0: Called Strike
0-1: Foul Ball, location: 2F
0-2: Ground out 3-1 (Groundball, 34, EV 97.5 MPH)
Bottom of the 8th over - 2 runs, 2 hits, 0 errors, 1 left on base; Toronto 0 - Indianapolis 8
TOP OF THE 9TH
Toronto Blue Jays batting - Pitching for Indianapolis Ignition : RHP Archer Knowles
Now at 2B: Salvador Fernández
Now at 3B: Blake Bustamante
Batting: LHB Connor Thomas 0-0: Ground out 6-3 (Groundball, 6M, EV 89.4 MPH)
Batting: RHB Mike Asawawong 0-0: DOUBLE (Flyball, 8RXD, EV 110.0 MPH)
Pitching: LHP Timmy Linder
Batting: LHB Jackson Kilsdonk 0-0: Ball
1-0: Fly out, F5 (Popup, 5SF, EV 71.9 MPH)
Batting: RHB Jayden Bice 0-0: Called Strike
0-1: Ball
1-1: SINGLE (Groundball, 4MD, EV 97.5 MPH)
Mike Asawawong to third
Batting: RHB Atlas Alvarado 0-0: Foul Ball, location: 2F
0-1: Ball
1-1: Fielders Choice at 2nd, 6-4 (Groundball, 6, EV 80.6 MPH)
Top of the 9th over - 0 runs, 2 hits, 0 errors, 2 left on base; Toronto 0 - Indianapolis 8
Sunday, April 21st , 2024 - OOTP Baseball 24.11 Build 85